 Dungeon Crawl Stone Soup version 0.30.1-9-gdf580d7c3d (webtiles) character file.

Game seed: 6929096167003089628

169 tizbic2 the Conjurer (level 5, -1/40 HPs)
             Began as a Demigod Conjurer on Sept 28, 2023.
             Slain by a scorpion (5 damage)
             ... on level 4 of the Dungeon.
             The game lasted 00:09:25 (1926 turns).

tizbic2 the Conjurer (Demigod Conjurer)             Turns: 1926, Time: 00:09:25

Health: -1/40      AC:  4    Str:  7    XL:     5   Next: 4%
Magic:  1/12       EV: 11    Int: 28    God:
Gold:   130        SH:  0    Dex: 11    Spells: 4/10 levels left

rFire   . . .        q - +0 arbalest
rCold   + . .        (shield currently unavailable)
rNeg    . . .        f - +0 leather armour
rPois   .            (no helmet)
rElec   .            (no cloak)
rCorr   .            l - +0 pair of gloves
SInv    .            (no boots)
Will    .....        (no amulet)
Stlth   +            v - ring of protection from cold
HPRegen 0.26/turn    (no ring)
MPRegen 0.13/turn

%: no passive effects
@: lethally poisoned (-1 -> -7)
A: high MP 1, forlorn, divine attributes, clever 1, inability to read after
injury 1
a: no special abilities


You were on level 4 of the Dungeon.
You visited 1 branch of the dungeon, and saw 4 of its levels.

You collected 130 gold pieces.

Inventory:

Hand Weapons
 a - a +2 whip of holy wrath
 q - a +0 arbalest (weapon)
 r - a +0 long sword
Armour
 e - a +0 ring mail
 f - a +0 leather armour (worn)
 l - a +0 pair of gloves (worn)
 m - a +0 robe
 o - a +0 chain mail
Jewellery
 v - a ring of protection from cold (left hand)
Wands
 t - a wand of polymorph (12)
Scrolls
 c - a scroll of amnesia {unknown}
 d - 2 scrolls of teleportation {unknown}
 h - a scroll of noise {unknown}
 k - a scroll of fog {unknown}
 n - 2 scrolls of identify
 p - a scroll of magic mapping {unknown}
 s - 2 scrolls of summoning {unknown}
Potions
 b - a potion of magic
 g - a potion of ambrosia {unknown}
 i - 2 potions of mutation
 j - 2 potions of invisibility {unknown}
 u - a potion of curing {unknown}


   Skills:
 + Level 1.4 Fighting
 + Level 1.0 Ranged Weapons
 - Level 2.2 Dodging
 - Level 1.7 Stealth
 * Level 3.0 Spellcasting
 * Level 4.5 Conjurations


You had 4 spell levels left.
You knew the following spells:

 Your Spells              Type           Power      Damage    Failure   Level
a - Magic Dart            Conj           100%       1d8       1%          1
b - Searing Ray           Conj           58%        2d6       3%          2
c - Portal Projectile     Hex/Tloc       8%         N/A       36%         3

Your spell library contained the following spells:

 Spells                   Type           Power      Damage    Failure   Level
 Dazzling Flash           Conj/Hex       34%        N/A       14%         3
 Tukima's Dance           Hex            4%         N/A       36%         3
 Fulminant Prism          Conj/Hex       8%         3d7       43%         4
 Iskenderun's Mystic Bla  Conj/Tloc      17%        2d5       43%         4
 Blade Hands              Tmut           2%         N/A       98%         5


Dungeon Overview and Level Annotations

Branches:
Dungeon (4/15)
 Temple: D:4-7


Innate Abilities, Weirdness & Mutations

You have an increased reservoir of magic. (+10% MP)
You shall have no god before yourself.
Your divine heritage dramatically boosts your attributes as you level up.
Your mind is acute. (Int +4, Str/Dex -1)
You occasionally lose the ability to read scrolls when taking damage.


Message History

The scorpion is severely wounded.
The scorpion misses you.
The searing ray misses the scorpion.
The searing ray hits the scorpion!
You kill the scorpion!
The scorpion stings you.
Your Ranged Weapons skill increases to level 1!
Your Spellcasting skill increases to level 3!
You have reached level 5!
The searing ray hits the scorpion.
The scorpion is heavily wounded.
You finish channelling your searing ray.
The scorpion closely misses you. The scorpion stings you.
You are poisoned.
The scorpion poisons you!
Casting: Searing Ray (safe; 3% risk of failure)
Confirm with . or Enter, or press ? or * to list all spells.
Aiming: Magic Dart (safe; 1% risk of failure)
Press: ? - help, Shift-Dir - straight line, f - scorpion
Aim: a scorpion (heavily wounded, 100% to hit)
The magic dart hits the scorpion!
The scorpion is almost dead.
You feel sick. The scorpion stings you!
* * * LOW HITPOINT WARNING * * *
You are lethally poisoned!
The scorpion poisons you!
Casting: Magic Dart (safe; 1% risk of failure)
Confirm with . or Enter, or press ? or * to list all spells.
Aiming: Magic Dart (safe; 1% risk of failure)
Press: ? - help, Shift-Dir - straight line, f/p - scorpion
Aim: a scorpion (almost dead, 100% to hit)
The magic dart hits the scorpion.
The scorpion is almost dead.
* * * LOW HITPOINT WARNING * * *
You feel very sick. The scorpion closely misses you.
You shoot a bolt. The bolt barely misses the scorpion.
* * * LOW HITPOINT WARNING * * *
You feel very sick. The scorpion stings you.
You die...

#..........##
#.........#
#.........#
#.........#
#..........
#.......... .
#.####..... .
#.# ..### #
#@# .## #s#
#†..s....
#.##..... #..
...# #.# ...
... .. #.# .
###


You could see a scorpion.

Vanquished Creatures
  A scorpion (D:4)
  Jessica (D:2)
  An iguana (D:4)
  2 adders
  2 endoplasms
  3 giant cockroaches
  4 goblins
  A hobgoblin (D:3)
  4 jackals (D:4)
  5 kobolds
  5 ball pythons
  6 bats
  A frilled lizard (D:3)
  7 rats
43 creatures vanquished.

Notes
Turn   | Place    | Note
-------+----------+-------------------------------------------
     0 | D:1      | tizbic2 the Demigod Conjurer began the quest for the Orb.
     0 | D:1      | Reached XP level 1. HP: 14/14 MP: 5/5
   430 | D:1      | Reached XP level 2. HP: 20/20 MP: 5/7
   863 | D:2      | Learned a level 2 spell: Searing Ray
   887 | D:2      | Noticed Jessica
   898 | D:2      | Killed Jessica
   899 | D:2      | Reached skill level 4 in Conjurations
   899 | D:2      | Reached XP level 3. HP: 18/27 MP: 6/9
  1162 | D:2      | You fall into a shaft and drop 2 floors!
  1203 | D:3      | Gained mutation: You occasionally lose the ability to read
                  | scrolls when taking damage. [potion of mutation]
  1203 | D:3      | Gained mutation: Your mind is acute. (Int +4, Str/Dex -1)
                  | [potion of mutation]
  1394 | D:3      | Reached skill level 1 in Fighting
  1828 | D:4      | Reached XP level 4. HP: 31/35 MP: 6/10
  1911 | D:4      | Learned a level 3 spell: Portal Projectile
  1923 | D:4      | Reached skill level 1 in Ranged Weapons
  1923 | D:4      | Reached XP level 5. HP: 26/40 MP: 3/12
  1926 | D:4      | Slain by a scorpion

Illustrated notes

Levels and vault maps discovered:
D:1:      erik_arrival_cave_to_civilisation [erik_arrival_cave_to_hall],
          layout_basic, minmay_misc_feat_five
D:2:      layout_basic, uniq_jessica
D:3:      layout_basic, minivault_24
D:4:      layout_rooms, ebering_dispersal_statue_hall, uniq_duvessa

Skill      XL: |  1  2  3  4 |
---------------+-------------+-----
Spellcasting   | 2 3 |  3.0
Dodging        | 2 |  2.2
Conjurations   | 4 |  4.5
Fighting       | 1 |  1.4
Ranged Weapons | 1 |  1.0
Stealth        | |  1.7

Action                     |  1- 3 |  4- 6 || total
---------------------------+-------+-------++-------
  Melee: Dagger            |    11 |       ||    11
         Whip              |    21 |       ||    21
   Fire: Sling             |     7 |       ||     7
         Arbalest          |    38 |    11 ||    49
   Cast: Magic Dart        |    14 |     4 ||    18
         Searing Ray       |     6 |     3 ||     9
         Portal Projectile |       |     1 ||     1
    Use: Scroll            |     1 |       ||     1
         Potion            |     1 |       ||     1
   Stab: Sleeping          |     3 |       ||     3
 Armour: Leather armour    |    34 |     5 ||    39
  Dodge: Dodged            |    69 |    13 ||    82
